 Dungeon Crawl Stone Soup version 0.29-a0-19-gef7f3e67aa (webtiles) character file.

Game seed: 3943018318612109581

815 Nattfarinn the Cutter (level 7, 0/38 HPs)
             Began as a Vine Stalker Gladiator on Jan 29, 2022.
             Succumbed to a water moccasin's poison
             ... on level 4 of the Dungeon.
             The game lasted 00:06:24 (3711 turns).

Nattfarinn the Cutter (Vine Stalker Gladiator)      Turns: 3711, Time: 00:06:24

Health: 0/38       AC:  6    Str: 19    XL:     7   Next: 94%
Magic:  7/8        EV: 12    Int:  8    God:
Gold:   84         SH:  0    Dex: 15    Spells: 6/6 levels left

rFire   + . .      SeeInvis .   a - +0 rapier
rCold   + . .      Faith    .   (no shield)
rNeg    . . .      Spirit   +   b - +0 leather armour
rPois   .          Reflect  .   k - +0 hat
rElec   .          Harm     .   g - scarf {rC+ rF+}
rCorr   .          Rampage  .   j - +2 pair of gloves
Will    .....                   (no boots)
Stlth   +.........              (no amulet)
HPRegen 0.92/turn               (no ring)
MPRegen 0.11/turn               (no ring)

@: mighty, lethally poisoned (0 -> -1), hasted, very quick
A: fangs 2, regeneration 1, magic shield, antimagic bite, no potion heal 2
a: no special abilities


You were on level 4 of the Dungeon.
You visited 1 branch of the dungeon, and saw 4 of its levels.

You collected 84 gold pieces.

Inventory:

Hand Weapons
 a - a +0 rapier (weapon)
Missiles
 d - 3 throwing nets (quivered)
Armour
 b - a +0 leather armour (worn)
 c - a +0 helmet
 f - an orb of light
 g - a scarf of resistance (worn)
 j - a +2 pair of gloves (worn)
 k - a +0 hat (worn)
Wands
 i - a wand of paralysis (8)
Scrolls
 l - a scroll of fear {unknown}


   Skills:
 + Level 4.7 Fighting
 * Level 7.0 Short Blades
 - Level 1.7 Throwing
 - Level 2.4 Dodging


You had 6 spell levels left.
You didn't know any spells.
Your spell library contained the following spells:

 Spells                   Type           Power      Damage    Failure   Level
 Corpse Rot               Necr/Air       0%         N/A       61%         2
 Poisonous Vapours        Pois/Air       0%         N/A       61%         2


Dungeon Overview and Level Annotations

Branches:
Dungeon (4/15)
 Temple: D:4-7

Altars:
The Shining One

Shops:
D:1 !

Annotations:
D:2 1 runed translucent door, Crazy Yiuf


Innate Abilities, Weirdness & Mutations

You have extremely sharp teeth.
Your natural rate of healing is unusually fast.
When hurt, damage is shared between your health and your magic reserves.
Your bite disrupts and absorbs the magic of your enemies.
Potions cannot restore your health.


Message History

You feel very sick. The water moccasin bites you.
You puncture the water moccasin!
You bite the water moccasin, but do no damage.
The water moccasin is heavily wounded.
You feel very sick. The water moccasin bites you!
You are more poisoned.
The water moccasin poisons you!
You barely miss the water moccasin.
The water moccasin is heavily wounded.
You feel very sick. The water moccasin closely misses you.
You hit the water moccasin.
The water moccasin is severely wounded.
You feel very sick. The water moccasin bites you.
* * * LOW HITPOINT WARNING * * *
You miss the water moccasin. You bite the water moccasin. You drain its power.
You feel invigorated.
The water moccasin is severely wounded.
* * * LOW HITPOINT WARNING * * *
You feel very sick. The water moccasin bites you.
* * * LOW HITPOINT WARNING * * *
The water moccasin bites you.
* * * LOW HITPOINT WARNING * * *
It was a potion of might.
You feel very mighty all of a sudden.
* * * LOW HITPOINT WARNING * * *
You feel sick.
The water moccasin bites you but does no damage.
You feel yourself speed up.
* * * LOW HITPOINT WARNING * * *
You feel very sick.
The water moccasin bites you but does no damage.
The ogre completely misses you.
You barely miss the water moccasin.
The water moccasin is severely wounded.
You die...

#.. #.## ...# #..#
. #..###..#
#....... #S##....
## #@##.#.#.. #
#O##.#.#.# #.#..#
#.##.#.#.###.#..#
##....(.......#..#
#................#
#.#####.#...♣♣♣..#
#. ###....♣# ♣.#
..###......♣ ♣.##
#...........♣#
#♣...


You could see a water moccasin and an ogre.

Vanquished Creatures
  Pikel (D:3)
  A lemure (D:4)
  An orc priest (D:4)
  A gnoll shaman (D:3)
  Ijyb (D:3)
  Natasha (thrice) (D:3)
  Robin (D:3)
  5 gnolls (D:3)
  3 adders
  An adder skeleton (D:4)
  2 worms (D:2)
  5 dart slugs
  4 orcs (D:4)
  4 endoplasms
  5 giant cockroaches
  16 goblins
  9 hobgoblins
  4 quokkas
  2 ball pythons
  6 bats
  6 frilled lizards
  4 kobolds
  6 rats
91 creatures vanquished.

Vanquished Creatures (others)
  20 plants (D:3)
20 creatures vanquished.

Grand Total: 111 creatures vanquished

Notes
Turn   | Place    | Note
-------+----------+-------------------------------------------
     0 | D:1      | Nattfarinn the Vine Stalker Gladiator began the quest for
                  | the Orb.
     0 | D:1      | Reached XP level 1. HP: 11/11 MP: 2/2
   375 | D:1      | Reached skill level 3 in Short Blades
   388 | D:1      | Reached XP level 2. HP: 15/15 MP: 3/3
   569 | D:1      | Found a faded altar of an unknown god.
   635 | D:1      | Found Hujal's Distillery.
   777 | D:1      | Reached XP level 3. HP: 18/18 MP: 4/4
  1598 | D:2      | Gained mutation: Your natural rate of healing is unusually
                  | fast. [Vine Stalker growth]
  1598 | D:2      | Reached XP level 4. HP: 16/23 MP: 5/5
  1759 | D:2      | Reached skill level 4 in Short Blades
  2015 | D:2      | Found a runed translucent door.
  2016 | D:2      | Noticed Crazy Yiuf
  2333 | D:3      | Reached XP level 5. HP: 18/28 MP: 4/6
  2398 | D:3      | Noticed Natasha
  2408 | D:3      | Killed Natasha
  2479 | D:3      | Noticed Natasha
  2491 | D:3      | Killed Natasha
  2558 | D:3      | Noticed Natasha
  2572 | D:3      | Killed Natasha
  2573 | D:3      | Reached skill level 5 in Short Blades
  2579 | D:3      | Reached XP level 6. HP: 19/32 MP: 3/7
  2582 | D:3      | HP: 1/32 [gnoll (5)]
  2681 | D:3      | Noticed Robin
  2730 | D:3      | Killed Robin
  2838 | D:3      | Found a glowing golden altar of the Shining One.
  2862 | D:3      | Noticed Ijyb
  2870 | D:3      | Paralysed by Ijyb for 3 turns
  2876 | D:3      | Killed Ijyb
  3565 | D:4      | Noticed Pikel
  3610 | D:3      | Killed Pikel
  3611 | D:3      | Reached skill level 7 in Short Blades
  3611 | D:3      | Reached XP level 7. HP: 19/38 MP: 3/8
  3710 | D:4      | HP: 1/38 [poisoned by a water moccasin]
  3711 | D:4      | Succumbed to a water moccasin's poison

Illustrated notes

Levels and vault maps discovered:
D:1:      psy_arrival_statuary, layout_basic,
          dreamdust_ecumenical_altar_hidden_monk_grotto, serial_shops,
          nicolae_shop_trees
D:2:      layout_loops_cross, uniq_crazy_yiuf_cottage
D:3:      layout_basic, tso_altar, nicolae_grassy_gnolls, uniq_robin,
          uniq_natasha, uniq_ijyb
D:4:      layout_loops_ring, nicolae_overflow_hidden_temple,
          nicolae_gozag_cash_rules_everything_around_me,
          minmay_misc_feat_hallway, minmay_stone_trees_small, minmay_liquid_box,
          uniq_pikel

Skill      XL: |  1  2  3  4  5  6 |
---------------+-------------------+-----
Fighting       | 2 3 4 |  4.7
Short Blades   | 3 4 5 7 |  7.0
Throwing       | |  1.7
Dodging        | |  2.4

Action                   |  1- 3 |  4- 6 |  7- 9 || total
-------------------------+-------+-------+-------++-------
Melee: Rapier            |    93 |   231 |     6 ||   330
       Bite              |    16 |    65 |     3 ||    84
       Punch             |     3 |     6 |       ||     9
  Use: Potion            |       |       |     2 ||     2
 Stab: Sleeping          |     2 |     3 |       ||     5
Armor: Leather armour    |    27 |    44 |     2 ||    73
Dodge: Dodged            |    54 |   107 |     2 ||   163

Table legend: (Time is in decaauts)
 A = Elapsed time spent in this place.
 B = Non-inter-level travel time spent in this place.
 C = Inter-level travel time spent in this place.
 D = Time resting spent in this place.
 E = Time spent auto-exploring this place.
 F = Levels seen in this place.
 G = Mean time per level.
                   A        B        C        D        E       F      G
               +--------+--------+--------+--------+--------+-----+--------+
         Total |   3718 |   3609 |    109 |     61 |   2754 |   4 |  929.5 |
       Dungeon |   3718 |   3609 |    109 |     61 |   2754 |   4 |  929.5 |
               +--------+--------+--------+--------+--------+-----+--------+

Top non-repeatable levels by time:
     D:1: 1450 daAuts
     D:3: 1349 daAuts
     D:2: 722 daAuts
     D:4: 196 daAuts
